 Dungeon Sprint DCSS version 0.31-a0-18-gea43df2a32 (webtiles) character file.

Game seed: 1304929498737781349

965 bmack86 the Fighter (level 7, -5/80 HPs)
             Began as a Minotaur Berserker on May 10, 2023.
             Was a Priest of Trog.
             Slain by a sixfirhy (9 damage)
             ... summoned by a kobold demonologist
             ... in the Dungeon (Sprint I: "Red Sonja").
             The game lasted 00:03:34 (542 turns).

bmack86 the Fighter (Minotaur Berserker)             Turns: 542, Time: 00:03:34

Health: -5/80      AC:  5    Str: 23    XL:     7   Next: 93%
Magic:  6/6        EV: 10    Int:  4    God:    Trog [***...]
Gold:   405        SH:  9    Dex: 10    Spells: 6/6 levels left

rFire   + . .        a - +0 hand axe
rCold   . . .        m - +0 kite shield
rNeg    . . .        j - +0 ring mail {rF+}
rPois   .            (helmet restricted)
rElec   .            (no cloak)
rCorr   .            (no gloves)
SInv    .            (no boots)
Will    .....        (no amulet) Stlth
                     (no ring)
HPRegen 0.33/turn    (no ring)
MPRegen 0.10/turn

%: no teleportation
@: no status effects
A: horns 2, retaliatory headbutt
a: Renounce Religion, Berserk, Trog's Hand


You were in the Dungeon.
You worshipped Trog.
Trog was most pleased with you.
You visited 1 branch You collected 405 gold pieces.

Inventory:

Hand Weapons
 a - a +0 hand axe (weapon)
 k - a +2 scythe of protection
Armour
 b - a +0 animal skin
 j - a +0 ring mail of fire resistance (worn)
 m - a +0 kite shield (worn)
Wands
 i - a wand of iceblast (6) (quivered)
Scrolls
 h - a scroll of blinking
Potions
 c - a potion of curing
 d - a potion of heal wounds
 e - a potion of haste
 f - 2 potions of magic
 g - a potion of berserk rage


   Skills:
 + Level 13.7 Fighting
 - Level 10.5(12.0) Axes
 + Level 9.2(11.4) Polearms
 - Level 4.2 Armour
 - Level 3.8 Dodging
 + Level 6.3 Shields


You had 6 spell levels left.
You didn't know any spells.
Your spell library was empty.

Dungeon Overview and Level Annotations

Branches:
Dungeon (1/1)

Altars:
Cheibriados
Dithmenos
Elyvilon
Fedhas
Gozag
Hepliaklqana
Kikubaaqudgha
Makhleb
Nemelex Xobeh
Okawaru
Qazlal
Ru
Sif Muna
Trog
Uskayaw
Vehumet
Wu Jian
Xom
Yredelemnul
Zin
The Shining One
Jiyva
Lugonu

Shops:
D =


Innate Abilities, Weirdness & Mutations

You have a pair of horns on your head.
You reflexively headbutt those who attack you in melee.


Message History

The kobold demonologist is severely wounded.
You barely miss the kobold demonologist.
Unknown command.
You completely miss the kobold demonologist.
You headbutt the kobold demonologist!
You kill the kobold demonologist!
Trog accepts your kill.
Trog appreciates your killing of a magic user.
The iron imp disappears in a puff of smoke!
The red devil disappears in a puff of smoke!
You hit the kobold demonologist. The sixfirhy closely misses you. x2
The kobold demonologist mumbles some strange words.
Your base Polearms skill increases to level 9!
Your Shields skill gained 2 levels and is now at level 6!
Unknown command.
You miss the sixfirhy.
You hit the kobold demonologist but do no damage.
The kobold demonologist mumbles some strange words.
You hit the sixfirhy.
The sixfirhy is lightly wounded.
You hit the kobold demonologist. You miss the sixfirhy. The sixfirhy hits you!
The sixfirhy shocks you!
The kobold demonologist completely misses you.
Unknown command.
You slash the sixfirhy! Your headbutt misses the sixfirhy.
The sixfirhy is moderately wounded.
You barely miss the kobold demonologist.
You closely miss the sixfirhy. The sixfirhy barely misses you.
The sixfirhy hits you but does no damage. x2
The sixfirhy hits you! The sixfirhy shocks you!
You block the kobold demonologist's attack.
The sixfirhy hits you!
* * * LOW HITPOINT WARNING * * *
The sixfirhy shocks you!
* * * LOW HITPOINT WARNING * * *
The sixfirhy hits you but does no damage.
The sixfirhy barely misses you. The sixfirhy hits you.
* * * LOW HITPOINT WARNING * * *
The sixfirhy shocks you!
You die...

######################
..)..#..'..#__#.33)5.#
).#..'[.#..'..'.@#K5.#
####'#####'#__####5..+
###..#...#(#### ####
__####..##.#
_____##'#_.+
_.∩...'..._#
_..__##_.#'#
_____###+#.# ######
###


You could see 2 sixfirhies and an ufetubus (summoned).

Vanquished Creatures
  A kobold demonologist (D)
  A slime creature (D)
  Sigmund (D)
  A yak (D)
  A floating eye (D)
  An ogre (D)
  A jelly (D)
  Ijyb (D)
8 creatures vanquished.

Notes
Turn   | Place    | Note
-------+----------+-------------------------------------------
     0 | D        | bmack86 the Minotaur Berserker began the quest for the Orb.
     0 | D        | Reached XP level 1. HP: 19/19 MP: 0/0
     2 | D        | Noticed Ijyb
     6 | D        | Killed Ijyb
     7 | D        | Reached skill level 5 in Fighting
     7 | D        | Reached skill level 5 in Axes
     7 | D        | Reached XP level 2. HP: 10/29 MP: 1/1
    90 | D        | Noticed an ogre
    97 | D        | Killed an ogre
    98 | D        | Reached skill level 7 in Fighting
    98 | D        | Reached XP level 3. HP: 39/39 MP: 2/2
    98 | D        | Reached XP level 4. HP: 47/47 MP: 3/3
   117 | D        | Noticed Sigmund
   124 | D        | Killed Sigmund
   124 | D        | Reached ** piety under Trog
   125 | D        | Reached skill level 10 in Fighting
   125 | D        | Reached skill level 10 in Axes
   125 | D        | Reached XP level 5. HP: 45/59 MP: 4/4
   142 | D        | Found an ornate altar of the Wu Jian Council.
   142 | D        | Found a shimmering blue altar of Sif Muna.
   144 | D        | Found a radiant altar of Vehumet.
   148 | D        | Reached XP level 6. HP: 65/67 MP: 5/5
   191 | D        | Found a burning altar of Makhleb.
   191 | D        | Found a viscous altar of Jiyva.
   191 | D        | Found a shimmering altar of Xom.
   191 | D        | Found a corrupted altar of Lugonu.
   191 | D        | Noticed a slime creature
   202 | D        | Killed a slime creature
   203 | D        | Reached skill level 12 in Fighting
   301 | D        | Found Kudghev Cext's Jewellery Emporium.
   301 | D        | Found an ancient bone altar of Kikubaaqudgha.
   301 | D        | Found a hazy altar of Hepliaklqana.
   301 | D        | Found a stormy altar of Qazlal.
   301 | D        | Found a hide-covered altar of Uskayaw.
   301 | D        | Found a blossoming altar of Fedhas.
   301 | D        | Found a bloodstained altar of Trog.
   301 | D        | Found an iron altar of Okawaru.
   301 | D        | Found a basalt altar of Yredelemnul.
   301 | D        | Found a glowing golden altar of the Shining One.
   301 | D        | Found a snail-covered altar of Cheibriados.
   301 | D        | Found a sacrificial altar of Ru.
   301 | D        | Found a glowing silver altar of Zin.
   301 | D        | Found a shadowy altar of Dithmenos.
   301 | D        | Found a white marble altar of Elyvilon.
   301 | D        | Noticed a yak
   309 | D        | Killed a yak
   310 | D        | Reached XP level 7. HP: 15/78 MP: 6/6
   310 | D        | Found an opulent altar of Gozag.
   311 | D        | Found a sparkling altar of Nemelex Xobeh.
   523 | D        | Noticed a kobold demonologist
   523 | D        | Noticed a kobold demonologist
   525 | D        | Paralysed by a floating eye for 4 turns
   528 | D        | Noticed a sixfirhy
   532 | D        | Reached *** piety under Trog
   533 | D        | Reached skill level 13 in Fighting
   535 | D        | Noticed a red devil
   538 | D        | Killed a kobold demonologist
   540 | D        | Noticed a sixfirhy
   542 | D        | HP: 4/80 [sixfirhy[a kobold demonologist] (4)]
   542 | D        | Slain by a sixfirhy

Illustrated notes

Levels and vault maps discovered:
D:        dungeon_sprint_1 [red_sonja_temple_1, red_sonja_temple_small_1]

Skill      XL: |  1  2  3  4  5  6  7 |
---------------+----------------------+-----
Fighting       | 5 7 10 12 13 | 13.7
Axes           | 5 7 10 | 10.5
Armour         | 3 4 |  4.2
Dodging        | 3 |  3.8
Polearms       | 2 7 9 |  9.2
Shields        | 3 6 |  6.3

Action                     |  1- 3 |  4- 6 |  7- 9 || total
---------------------------+-------+-------+-------++-------
  Melee: Hand axe          |     8 |    24 |    13 ||    45
         Headbutt          |       |     7 |     3 ||    10
         Halberd           |       |     1 |       ||     1
 Invoke: Berserk           |     2 |       |       ||     2
         Trog's Hand       |       |     1 |       ||     1
    Use: Scroll            |       |       |     1 ||     1
 Armour: Ring mail         |       |     2 |     4 ||     6
  Dodge: Dodged            |     3 |     5 |     6 ||    14
  Block: Kite shield       |       |     5 |     2 ||     7

Table legend: (Time is in decaauts)
 A = Elapsed time spent in this place.
 B = Non-inter-level travel time spent in this place.
 C = Inter-level travel time spent in this place.
 D = Time resting spent in this place.
 E = Time spent auto-exploring this place.
 F = Levels seen in this place.
 G = Mean time per level.
                   A        B        C        D        E       F      G
               +--------+--------+--------+--------+--------+-----+--------+
         Total |    553 |    553 |      0 |    339 |      0 |   1 |  553.0 |
       Dungeon |    553 |    553 |      0 |    339 |      0 |   1 |  553.0 |
               +--------+--------+--------+--------+--------+-----+--------+

Top non-repeatable levels by time:
       D: 553 daAuts
